 Dungeon Crawl Stone Soup version 0.32-a0-599-gba8f9cf90e (webtiles) character file.

Game seed: 3026045350146941094

239061 jasper the Warrior (level 17, -19/142 HPs)
             Began as a Demonspawn Cinder Acolyte on Mar 2, 2024.
             Was the Champion of Jiyva.
             Shot with an arrow by a deep elf archer (27 damage)
             ... on level 1 of the Elven Halls.
             The game lasted 01:02:09 (31337 turns).

jasper the Warrior (Demonspawn Cinder Acolyte)     Turns: 31337, Time: 01:02:09

Health: -19/142    AC: 14    Str: 15    XL:     17   Next: 76%
Magic:  0/23       EV: 21    Int: 29    God:    Jiyva [******]
Gold:   411        SH:  0    Dex: 11    Spells: 2/18 levels left

rFire   . . .        E - +9 demon blade (flame)
rCold   + + .        (no shield)
rNeg    . . .        O - +5 moon troll leather armour {Spirit, Regen++ MP+5}
rPois   +            m - +2 hat {Int+3}
rElec   .            b - +0 cloak {Will+}
rCorr   +            F - +0 pair of gloves of the gadgeteer {Gadgeteer Wandboost ^Fragile}
SInv    .            (boots unavailable)
Will    ++...        R - amulet of regeneration
Stlth   +            u - +5 ring of evasion
HPRegen 4.43/turn    Y - +6 ring of intelligence
MPRegen 1.16/turn

%: guardian spirit
@: on fire, very slightly contaminated, glowing
A: icemail 2, magic shield, magic regeneration, sturdy frame 3, condensation
shield, bedeviling, demonic touch 2, hooves 3, horns 1, cold resistance 2,
poison resistance, eyeballs 1
}: 3/15 runes: decaying, slimy, gossamer
a: Renounce Religion, Oozemancy, Slimify


You were on level 1 of the Elven Halls.
You worshipped Jiyva.
Jiyva was exalted by your worship.
You visited 7 branches of the dungeon, and saw 36 of its levels.

You collected 2923 gold pieces.
You spent 2512 gold pieces at shops.

Inventory:

Hand Weapons
 E - a +9 demon blade of flaming (weapon)
 L - the +7 Throatcutter {drain, coup de grace}
   (You found it on level 7 of the Dungeon)
Missiles
 e - 24 boomerangs
 h - 4 throwing nets
Armour
 b - a +0 cloak of willpower (worn)
 m - a +2 hat of intelligence (worn)
 n - a +0 pair of boots
 F - the +0 pair of gloves of the gadgeteer (worn) {Gadgeteer Wandboost ^Fragile}
   (You found it on level 5 of the Pits of Slime)

   Gadgeteer: Your evocable items recharge 30% faster and wands have a 30%
   chance to not spend a charge.
   Wandboost: Your wands are more powerful.
   ^Fragile:  It will be destroyed if unequipped.
 N - a +2 cloak
 O - the +5 moon troll leather armour (worn) {Spirit, Regen++ MP+5}
   (You found it on level 5 of the Pits of Slime)

   MP+5:      It affects your magic capacity (+5).
   Regen++:   It increases your rate of health regeneration.
 X - a +0 kite shield
Magical Staves
 B - a staff of cold
Jewellery
 c - a ring of wizardry
 u - a +5 ring of evasion (left hand)
 H - an amulet of the acrobat
 I - a ring of see invisible
 R - an amulet of regeneration (around neck)
 S - the ring "Viwoerchi" {rPois Str+8 SInv}
   (You found it on level 5 of the Pits of Slime)

   [ring of poison resistance]

   Str+8:     It affects your strength (+8).
   rPois:     It protects you from poison.
   SInv:      It lets you see invisible.
 Y - a +6 ring of intelligence (right hand)
Talismans
 M - a serpent talisman
Wands
 k - a wand of polymorph (15)
 t - a wand of mindburst (9)
 x - a wand of digging (1)
 G - a wand of roots (31)
 J - a wand of flame (19)
 T - a wand of charming (16)
Scrolls
 a - 2 scrolls of vulnerability
 f - 10 scrolls of teleportation
 o - 2 scrolls of poison
 y - 4 scrolls of amnesia
 A - 3 scrolls of fear
 C - a scroll of enchant armour
 D - 16 scrolls of identify
 P - 4 scrolls of fog
 W - a scroll of immolation
Potions
 d - 6 potions of attraction
 g - a potion of magic
 i - a potion of invisibility
 j - 9 potions of haste
 l - 10 potions of curing
 p - 2 potions of resistance
 q - 7 potions of might
 r - 5 potions of enlightenment
 s - 4 potions of ambrosia
 v - 3 potions of brilliance
 w - 2 potions of lignification
 K - 6 potions of berserk rage
 U - a potion of mutation
Miscellaneous
 Q - a box of beasts (inert)
 V - a phial of floods


   Skills:
 - Level 15.0 Fighting
 - Level 14.0 Long Blades
 - Level 2.6 Maces & Flails
 - Level 12.0 Armour
 - Level 12.0 Dodging
 + Level 7.1 Shields
 - Level 1.0 Spellcasting
 - Level 9.0 Hexes
 - Level 13.0 Summonings
 - Level 6.0 Translocations
 - Level 2.6 Fire Magic


You had 2 spell levels left.
You knew the following spells:

 Your Spells              Type           Power      Damage    Failure   Level
a - Summon Mana Viper     Hex/Summ       78%        N/A       2%          5
b - Summon Forest         Summ/Tloc      27%        N/A       5%          5
c - Summon Cactus Giant   Summ           33%        N/A       7%          6

Your spell library contained the following spells:

 Spells                   Type           Power      Damage    Failure   Level
 Apportation              Tloc           72%        N/A       1%          1
 Summon Small Mammal      Summ           100%       N/A       1%          1
 Scorch                   Fire           34%        2d6       4%          2
 Necrotise                Necr           4%         1d4       10%         1
 Sting                    Conj/Alch      4%         1d3       10%         1
 Sublimation of Blood     Necr           1%         N/A       14%         2
 Call Canine Familiar     Summ           67%        N/A       1%          3
 Summon Ice Beast         Ice/Summ       39%        N/A       1%          3
 Tukima's Dance           Hex            69%        N/A       1%          3
 Gell's Gravitas          Tloc           36%        N/A       2%          3
 Inner Flame              Hex/Fire       52%        N/A       2%          3
 Teleport Other           Tloc           36%        N/A       2%          3
 Volatile Blastmotes      Fire/Tloc      52%        2d14      4%          3
 Dimensional Bullseye     Hex/Tloc       30%        N/A       4%          4
 Martyr's Knell           Necr/Summ      39%        N/A       6%          4
 Iskenderun's Mystic Bla  Conj/Tloc      18%        2d6       26%         4
 Vhi's Electric Charge    Tloc/Air       36%        N/A       26%         4
 Hailstorm                Conj/Ice       1%         3d5       28%         3
 Vampiric Draining        Necr           1%         2d6       28%         3
 Yara's Violent Unravell  Hex/Alch       20%        3d9       38%         5
 Fulminant Prism          Conj/Alch      0%         3d5       67%         4
 Petrify                  Alch/Erth      1%         N/A       67%         4
 Dispersal                Tloc           18%        N/A       77%         6
 Alistair's Intoxication  Alch           0%         N/A       95%         5
 Arcjolt                  Conj/Air       0%         1d10      95%         5
 Borgnjor's Vile Clutch   Necr/Erth      0%         N/A       95%         5
 Curse of Agony           Necr           1%         N/A       95%         5
 Irradiate                Conj/Alch      0%         3d11      95%         5
 Eringya's Noxious Bog    Alch           0%         4d6       100%        6
 Sculpt Simulacrum        Ice/Alch       0%         N/A       100%        6
 Discord                  Hex            34%        N/A       100%        8
 Maxwell's Capacitive Co  Air            0%         ∞         100%        8
 Dragon's Call            Summ           33%        N/A       100%        9


Dungeon Overview and Level Annotations

Branches:
Dungeon (15/15)            Temple (0/1) D:5            Lair (5/5) D:10
  Swamp (4/4) Lair:3       Spider (4/4) Lair:2        Slime (5/5) Lair:5
    Orc (2/2) D:9             Elf (1/3) Orc:2        Vaults (0/5) D:14
 Depths (0/4) D:15

Altars:
Ashenzari
Cheibriados
Fedhas
Kikubaaqudgha
Makhleb
Nemelex Xobeh
Okawaru
Ru
Sif Muna
Vehumet
Wu Jian
Xom
Yredelemnul
Jiyva

Shops:
D:4 (=*(   D:5 [   D:7 :   D:9 [((   D:10 *   D:14 ?   Orc:1 (**:[   Orc:2 [!??

Portals:
Trove: D:11 (give horn of Geryon)

Annotations:
D:9 3 runed translucent doors, Sobieck's ghost, journeyman CoHu
D:14 Roxanne
Lair:2 6 runed translucent doors
Lair:5 2 transporters, Wulimmusch's ghost, adept VSEn
Swamp:4 2 transporters, Naistiu's ghost, adept DESu
Spider:3 1 runed translucent door, rbyellow5's ghost, adept OnWr
Slime:5 Royal Jelly
Orc:1 2 transporters


Innate Abilities, Weirdness & Mutations

A meltable icy envelope protects you from harm. (AC +0)
When hurt, damage is shared between your health and your magic reserves.
You regenerate magic rapidly.
Your movements are significantly less encumbered by armour. (ER -6)
A meltable shield of frost defends you. (SH +0)
Your hexes are more powerful.
Your touch may inflict irresistible damage on your foes.
You have hooves in place of feet.
You have a pair of small horns on your head.
Your flesh is very cold resistant. (rC++)
Your system is resistant to poisons. (rPois)
Your body has grown eyes which may confuse attackers. (Acc +3)


Message History

You take 5 damage, and have 50/142 hp.
You shake off some of the fire as you move.
The liquid fire burns you!
* * * LOW HITPOINT WARNING * * *
The deep elf pyromancer points at you and mumbles some strange words.
The bolt of fire hits you!!
* * * LOW HITPOINT WARNING * * *
The deep elf pyromancer points at you and mumbles some strange words.
The pyre arrow hits you.
You are even more covered in intense liquid fire!
The deep elf archer shoots an arrow.
The arrow hits your cactus giant!!
There is a staircase back to the Mines here.
You take 29 damage, and have 21/142 hp.
MASSIVE DAMAGE!!
You now have 3/23 mp.
You shake off some of the fire as you move.
The liquid fire burns you!
* * * LOW HITPOINT WARNING * * *
The deep elf pyromancer casts a spell at you.
The bolt of fire misses you.
The deep elf pyromancer points at you and mumbles some strange words.
The pyre arrow hits you.
You are even more covered in intense liquid fire!
Your cactus giant hits the deep elf archer with a +0 giant spiked club!
The deep elf archer shoots an arrow.
The arrow hits your cactus giant!!!
Your cactus giant is destroyed!
Your cactus giant disappears in a puff of smoke!
You take 8 damage, and have 13/142 hp.
You now have 2/23 mp.
You shake off some of the fire as you move.
The liquid fire burns you!
* * * LOW HITPOINT WARNING * * *
The deep elf pyromancer casts a spell at you.
The pyre arrow hits you.
You are even more covered in intense liquid fire!
You shake off some of the fire as you move.
The liquid fire burns you!
* * * LOW HITPOINT WARNING * * *
The deep elf pyromancer gestures wildly while chanting.
The deep elf pyromancer blinks!
The deep elf archer shoots an arrow.
The arrow hits you!!
You die...
Jiyva sends a jelly to digest your remains.

#####
###..e##
###e.e#.e.
#####
#.e)#####E
#.e.#####.###
##e
#...).e.).#
#..
#.).)######
#..
#@§e......#
#..
#..[#####.#
##. ##### #.
... ..## ##


You could see a deep elf archer (repels missiles) and 2 deep elf pyromancers.

Vanquished Creatures
  A tentacled monstrosity (Swamp:4)
  Asterion (Spider:2)
  Frances (D:14)
  A thorn hunter (Swamp:2)
  7 emperor scorpions
  5 ghost moths
  3 broodmothers
  A stone giant (D:15)
  3 eleionomae
  Nessos (D:14)
  A spark wasp (Spider:2)
  An entropy weaver (Spider:3)
  A fire dragon (Lair:5)
  Erolcha (D:10)
  Josephine (Orc:1)
  10 hydras
  A hell beast (Swamp:4)
  7 alligators
  A ghost crab (Swamp:3)
  4 boulder beetles
  4 centaur warriors
  A dancing weapon (Elf:1)
  2 death yaks (Lair:1)
  5 two-headed ogres
  5 demonic crawlers
  A thrashing horror (Swamp:4)
  3 tengu warriors
  A deep elf knight (Elf:1)
  3 skeletal warriors (D:15)
  A goliath frog (Swamp:2)
  A pharaoh ant (Spider:1)
  7 swamp dragons
  3 bog bodies
  4 orb spiders
  Pikel (D:9)
  7 deep elf zephyrmancers
  5 orc knights
  A lindwurm (Lair:5)
  5 steelbarb worms
  2 deep elf archers (Elf:1)
  A necromancer (D:14)
  13 wolf spiders
  2 deep elf pyromancers (Elf:1)
  9 cyclopes
  2 manticores
  4 will-o-the-wisps
  Maurice (D:7)
  2 orc sorcerers (Orc:1)
  A moth of wrath (Spider:4)
  6 elephants
  8 ugly things
  5 kobold blastminers
  An orange demon (Swamp:4)
  8 black mambas
  2 large abominations (Swamp:4)
  Maggie (D:7)
  8 cane toads
  6 torpor snails
  2 gargoyles
  A kobold demonologist (D:13)
  A yaktaur (D:12)
  4 rime drakes
  A freezing wraith (D:14)
  8 komodo dragons
  An efreet (D:12)
  A polar bear (Lair:5)
  7 trolls
  A troll (shapeshifter) (D:15)
  21 tarantellas
  Prince Ribbit (D:8)
  A hornet (Swamp:2)
  4 blink frogs
  7 tyrant leeches
  A dream sheep (Lair:5)
  14 jumping spiders
  13 culicivoras
  2 shadows (Swamp:4)
  A slime creature (D:13)
  15 fire elementals
  A spriggan (Swamp:2)
  34 yaks
  5 wyverns
  4 basilisks
  3 wraiths
  6 hogs (Lair:3)
  A warg (Orc:2)
  Grum (D:9)
  2 steam dragons
  28 redbacks
  6 vampire mosquitoes
  9 swamp worms
  2 acid dragons
  8 water moccasins
  33 orc warriors
  A sky beast (D:7)
  5 nameless horrors
  4 swamp drakes
  2 black bears
  Pargi (D:3)
  5 ogres
  12 centaurs
  16 wolves
  An ogre (shapeshifter) (D:15)
  3 phantoms
  3 lemures (D:9)
  16 bullfrogs
  A kobold brigand (D:7)
  2 gnoll sergeants
  5 scorpions
  An earth elemental (Elf:1)
  3 wights (D:9)
  21 killer bees
  7 howler monkeys
  A crimson imp (D:7)
  2 bombardier beetles
  3 jellies (D:7)
  Crazy Yiuf (D:6)
  2 gnoll boudas
  11 orc priests
  2 hounds
  4 iguanas
  A scorpion zombie (D:4)
  Terence (D:3)
  15 orc wizards
  4 sleepcaps
  9 hell rats
  A hound zombie (D:4)
  9 gnolls
  12 adders
  5 white imps
  6 ufetubi
  2 adder zombies (D:4)
  A ribbon worm (D:3)
  82 orcs
  7 endoplasms
  4 giant cockroaches
  5 goblins
  7 hobgoblins
  A quokka (D:4)
  5 ball pythons
  8 bats
  3 frilled lizards
  10 kobolds
  2 rats (D:1)
779 creatures vanquished.

Vanquished Creatures (collateral kills)
  Bai Suzhen (Swamp:3)
  Kirke (Lair:3)
  A thorn hunter (Swamp:3)
  An emperor scorpion (Spider:4)
  A ghost moth (Spider:4)
  2 green deaths (Swamp:4)
  4 hydras
  A hell beast (Swamp:4)
  A ghost crab (Swamp:2)
  A catoblepas (Lair:3)
  A centaur warrior (D:14)
  4 alligators
  A boulder beetle (D:13)
  A radroach (Spider:1)
  An orc high priest (Elf:1)
  A fire crab (shapeshifter) (D:15)
  Amaemon (Lair:3)
  3 orb spiders
  2 spriggan druids
  A pharaoh ant (Lair:2)
  4 bog bodies
  A goliath frog (Swamp:2)
  4 swamp dragons
  2 orc knights
  2 deep elf pyromancers
  2 orc sorcerers
  4 deep elf zephyrmancers (Elf:1)
  A will-o-the-wisp (Swamp:1)
  2 ugly things (Swamp:4)
  2 wolf spiders
  A cyclops (D:12)
  A torpor snail (Spider:1)
  2 elephants
  A meliai (shapeshifter) (D:12)
  2 black mambas (Lair:5)
  A kobold blastminer (Orc:2)
  An orange demon (Lair:3)
  An unseen horror (D:12)
  3 nameless horrors
  2 cane toads
  A large abomination (Swamp:4)
  A rime drake (Lair:4)
  An efreet (D:15)
  A troll (Orc:1)
  2 tyrant leeches (Swamp:1)
  9 tarantellas
  A hornet (Swamp:1)
  6 blink frogs
  5 dream sheep (Lair:5)
  2 slime creatures (D:13)
  6 culicivoras
  12 jumping spiders
  A shadow (Swamp:4)
  A spriggan (Swamp:1)
  2 wraiths
  6 yaks
  2 wyverns
  A basilisk (Lair:5)
  A hog (Lair:3)
  5 vampire mosquitoes
  18 redbacks
  2 acid dragons
  A water moccasin (Lair:4)
  4 swamp worms
  10 orc warriors
  2 centaurs (Orc:2)
  An orc priest (Orc:2)
  An orc wizard (Orc:1)
  5 hell rats
  14 orcs
193 creatures vanquished.

Vanquished Creatures (others)
  A great orb of eyes (Swamp:4)
  2 deep elf knights (Elf:1)
  An arcanist (D:14)
  A spriggan druid (Swamp:1)
  A deep elf zephyrmancer (Elf:1)
  A will-o-the-wisp (Swamp:3)
  5 bloated husks
  A tarantella (Spider:1)
  14 slime creatures
  A wyvern (shapeshifter) (D:14)
  A nameless horror (Swamp:3)
  A redback (Spider:2)
  A water moccasin (Lair:4)
  2 orc warriors (Elf:1)
  2 small abominations (Swamp:4)
  5 centaurs (D:14)
  38 jellies
  An orc wizard (Orc:2)
  3 orcs
  52 foxfires
  6 snaplasher vines
140 creatures vanquished.

Grand Total: 1112 creatures vanquished

Notes
Turn   | Place    | Note
-------+----------+-------------------------------------------
     0 | D:1      | jasper the Demonspawn Cinder Acolyte began the quest for
                  | the Orb.
     0 | D:1      | Reached XP level 1. HP: 18/18 MP: 2/2
   293 | D:1      | Gained mutation: You regenerate magic rapidly. [demonic
                  | ancestry]
   293 | D:1      | Reached XP level 2. HP: 20/24 MP: 3/3
   909 | D:1      | Reached skill level 4 in Fighting
  1092 | D:2      | Gained mutation: A meltable shield of frost defends you.
                  | (SH +0) [demonic ancestry]
  1092 | D:2      | Reached XP level 3. HP: 13/31 MP: 4/4
  1280 | D:2      | Found a shimmering altar of Xom.
  1613 | D:2      | Found a faded altar of an unknown god.
  1645 | D:3      | Noticed Pargi
  1654 | D:3      | Killed Pargi
  1655 | D:3      | Reached skill level 5 in Fighting
  1655 | D:3      | Reached XP level 4. HP: 30/40 MP: 5/5
  1655 | D:3      | Gained mutation: A meltable icy envelope protects you from
                  | harm. (AC +0) [demonic ancestry]
  1655 | D:3      | Reached XP level 5. HP: 34/46 MP: 6/6
  1657 | D:3      | Reached skill level 6 in Fighting
  1658 | D:3      | Noticed Terence
  1665 | D:3      | Killed Terence
  1904 | D:3      | Found an ancient bone altar of Kikubaaqudgha.
  1957 | D:3      | Found a burning altar of Makhleb.
  2021 | D:4      | Found Unwel's General Store.
  2041 | D:4      | Bought a +0 cloak of willpower for 149 gold pieces
  2055 | D:4      | Noticed an ogre
  2078 | D:4      | Killed an ogre
  2079 | D:4      | Reached skill level 7 in Fighting
  2079 | D:4      | Reached XP level 6. HP: 41/55 MP: 7/7
  2103 | D:4      | Found a basalt altar of Yredelemnul.
  2154 | D:4      | Reached skill level 8 in Fighting
  2175 | D:4      | Reached XP level 7. HP: 62/62 MP: 8/8
  2187 | D:4      | Found Vobesmun's Jewellery Emporium.
  2264 | D:4      | Reached skill level 1 in Armour
  2264 | D:4      | Reached skill level 1 in Dodging
  2269 | D:4      | Found Kukaxaog's Weapon Shoppe.
  2658 | D:4      | Found a blossoming altar of Fedhas.
  2871 | D:4      | Found an ornate altar of the Wu Jian Council.
  2897 | D:4      | Found Iqylacik's Weapon Boutique.
  2996 | D:4      | Learned a level 5 spell: Summon Mana Viper
  3002 | D:5      | Entered Level 5 of the Dungeon
  3018 | D:5      | Found a staircase to the Ecumenical Temple.
  3451 | D:5      | Found a snail-covered altar of Cheibriados.
  3547 | D:5      | Found a sparkling altar of Nemelex Xobeh.
  3629 | D:5      | Found a broken altar of Ashenzari.
  3859 | D:5      | Found Irghuy's Antique Armour Shop.
  3863 | D:5      | Bought a cloak for 94 gold pieces
  3863 | D:5      | Bought a pair of gloves for 94 gold pieces
  4073 | D:6      | Gained mutation: A meltable icy envelope protects you from
                  | harm. (AC +0) [demonic ancestry]
  4073 | D:6      | Reached XP level 8. HP: 68/68 MP: 9/9
  4428 | D:6      | Found a runed translucent door.
  4429 | D:6      | Noticed Crazy Yiuf
  4434 | D:6      | Killed Crazy Yiuf
  4557 | D:7      | Reached skill level 5 in Armour
  4557 | D:7      | Reached skill level 5 in Dodging
  4956 | D:7      | Found the +7 Throatcutter {drain, coup de grace}
  4977 | D:7      | Noticed Maurice
  4987 | D:7      | Something stole a +0 quarterstaff
  4989 | D:7      | Something stole a serpent talisman
  5004 | D:7      | Something stole 10 boomerangs
  5005 | D:7      | Killed Maurice
  5006 | D:7      | Gained mutation: Your movements are slightly less
                  | encumbered by armour. (ER -2) [demonic ancestry]
  5006 | D:7      | Reached XP level 9. HP: 70/74 MP: 10/10
  5125 | D:7      | Found an iron altar of Okawaru.
  5153 | D:7      | Found a shimmering blue altar of Sif Muna.
  5166 | D:7      | Noticed Maggie
  5185 | D:7      | Killed Maggie
  5416 | D:8      | Noticed Prince Ribbit
  5425 | D:8      | Killed Prince Ribbit
  5578 | D:8      | Noticed a two-headed ogre
  5591 | D:8      | Killed a two-headed ogre
  6018 | D:8      | Noticed a two-headed ogre
  6024 | D:8      | Killed a two-headed ogre
  6025 | D:8      | Gained mutation: Your touch may inflict minor irresistible
                  | damage on your foes. [demonic ancestry]
  6025 | D:8      | Reached XP level 10. HP: 80/80 MP: 11/11
  6102 | D:8      | Learned a level 5 spell: Summon Forest
  6574 | D:9      | Found Datos's Weapon Emporium.
  6575 | D:9      | Found a staircase to the Orcish Mines.
  6606 | D:9      | Found Yppuch's Armour Emporium.
  6701 | D:9      | Found Keler's Weapon Boutique.
  6744 | D:9      | Found a runed translucent gate.
  6744 | D:9      | Found a runed translucent gate.
  6744 | D:9      | Found a runed translucent gate.
  6744 | D:9      | Noticed Sobieck's ghost (journeyman CoHu)
  6751 | D:9      | Noticed Pikel
  6784 | D:9      | Killed Pikel
  7009 | D:9      | Noticed Grum
  7025 | D:9      | Killed Grum
  7174 | D:10     | Entered Level 10 of the Dungeon
  7230 | D:10     | Reached skill level 5 in Summonings
  7231 | D:10     | Reached skill level 5 in Hexes
  7372 | D:10     | Found Raepp's Gadget Gallery.
  7377 | D:10     | Found a staircase to the Lair.
  7543 | D:10     | Noticed an elephant
  7544 | D:10     | Noticed Erolcha
  7558 | D:10     | Killed an elephant
  7563 | D:10     | Killed Erolcha
  7564 | D:10     | Reached XP level 11. HP: 86/86 MP: 12/12
  7714 | D:10     | Noticed a two-headed ogre
  7722 | D:10     | Killed a two-headed ogre
  8118 | D:11     | Noticed a green ugly thing
  8124 | D:11     | Killed a green ugly thing
  8382 | D:11     | Noticed a cyan ugly thing
  8393 | D:11     | Killed a cyan ugly thing
  8580 | D:11     | Found a portal to a secret trove of treasure.
  9131 | D:7      | Found Buato's Book Emporium.
  9205 | D:7      | Identified the +1 scale mail of Ashenzari's Esteem {Dex+3}
  9303 | D:4      | Bought a +6 ring of intelligence for 432 gold pieces
  9668 | D:7      | Identified the +0 ring mail of Wyvvabbu {rPois rCorr Str+4
                  | Slay+3}
  9825 | Lair:1   | Entered Level 1 of the Lair of Beasts
 10056 | Lair:1   | Noticed a death yak
 10057 | Lair:1   | Noticed a death yak
 10057 | Lair:1   | Noticed a death yak
 10096 | Lair:1   | Killed a death yak
 10097 | Lair:1   | Reached skill level 10 in Summonings
 10097 | Lair:1   | Reached XP level 12. HP: 35/92 MP: 11/13
 10102 | Lair:1   | Killed a death yak
 10254 | Lair:1   | Reached skill level 1 in Long Blades
 10872 | Lair:2   | Found a hole to the Spider Nest.
 10948 | Lair:2   | Found a runed translucent door.
 10961 | Lair:2   | Reached skill level 5 in Long Blades
 11489 | Lair:2   | Noticed a six-headed hydra
 11499 | Lair:2   | Killed a six-headed hydra
 11720 | Lair:2   | Identified the +7 whip "Qufotor" {protect, MP+9 Str+3}
 11736 | Lair:2   | Found a runed translucent gate.
 11736 | Lair:2   | Found a runed translucent gate.
 11736 | Lair:2   | Found a runed translucent gate.
 11736 | Lair:2   | Found a runed translucent gate.
 11736 | Lair:2   | Noticed a boulder beetle
 11740 | Lair:2   | Found a runed translucent gate.
 11740 | Lair:2   | Noticed a boulder beetle
 11740 | Lair:2   | Found a runed translucent gate.
 11740 | Lair:2   | Noticed a boulder beetle
 11792 | Lair:3   | Noticed a catoblepas
 11801 | Lair:3   | Killed a catoblepas
 11814 | Lair:3   | Noticed Amaemon
 11817 | Lair:3   | Noticed Kirke
 11832 | Lair:3   | Killed Amaemon
 11836 | Lair:3   | Killed Kirke
 11952 | Lair:3   | Reached XP level 13. HP: 90/98 MP: 9/14
 11984 | Lair:3   | Found a staircase to the Swamp.
 12153 | Lair:3   | Reached skill level 10 in Long Blades
 13452 | Lair:5   | Entered Level 5 of the Lair of Beasts
 13796 | Orc:1    | Entered Level 1 of the Orcish Mines
 14218 | Orc:1    | Found Vasymif's General Store.
 14224 | Orc:1    | Bought a potion of heal wounds for 85 gold pieces
 14302 | Orc:1    | Found Deocir's Book Shoppe.
 14345 | Orc:1    | Found Murruats's Antique Armour Shop.
 14349 | Orc:1    | Noticed Josephine
 14353 | Orc:1    | Paralysed by an orc sorcerer for 5 turns
 14375 | Orc:1    | Gained mutation: Your touch may inflict irresistible damage
                  | on your foes. [demonic ancestry]
 14375 | Orc:1    | Reached XP level 14. HP: 73/105 MP: 9/15
 14385 | Orc:1    | Killed Josephine
 14518 | Orc:1    | Found a transporter.
 14520 | Orc:1    | Found a transporter.
 14528 | Orc:1    | Noticed a stone giant
 14682 | Orc:1    | You fall into a shaft and drop 1 floor!
 14682 | Orc:2    | Entered Level 2 of the Orcish Mines
 14844 | Orc:1    | Found Genowa's General Store.
 14859 | Orc:1    | Bought a potion of heal wounds for 85 gold pieces
 14902 | Orc:1    | Found Cohargh's Antique Weapon Emporium.
 15063 | Orc:2    | Found a staircase to the Elven Halls.
 15190 | Orc:2    | Reached skill level 1 in Translocations
 15518 | Orc:2    | Found Fegask's Magic Scroll Emporium.
 15518 | Orc:2    | Found Juwuleem's Distillery.
 15520 | Orc:2    | Found Vanieri's Antique Armour Shop.
 15522 | Orc:2    | Found Iruuney's Magic Scroll Shoppe.
 15526 | Orc:2    | Bought a scroll of blinking for 97 gold pieces
 15526 | Orc:2    | Bought a scroll of enchant weapon for 97 gold pieces
 15526 | Orc:2    | Bought a scroll of enchant armour for 97 gold pieces
 15527 | Orc:2    | Bought a potion of haste for 110 gold pieces
 15527 | Orc:2    | Bought 2 potions of heal wounds for 110 gold pieces
 15527 | Orc:2    | Bought a potion of haste for 110 gold pieces
 15527 | Orc:2    | Bought a potion of curing for 33 gold pieces
 15527 | Orc:2    | Bought a potion of haste for 110 gold pieces
 15527 | Orc:2    | Bought a potion of heal wounds for 55 gold pieces
 15527 | Orc:2    | Bought a potion of haste for 110 gold pieces
 15534 | Orc:2    | Bought a scroll of fear for 64 gold pieces
 16222 | Lair:5   | Found a transporter.
 16228 | Lair:5   | Found a transporter.
 16229 | Lair:5   | Noticed Wulimmusch's ghost (adept VSEn)
 16307 | Lair:5   | Reached skill level 5 in Translocations
 16624 | Lair:5   | Found a viscous altar of Jiyva.
 16633 | Lair:5   | Found a staircase to the Slime Pits.
 17556 | D:12     | Reached skill level 9 in Fighting
 18671 | Lair:5   | Fell from the grace of Ignis
 18671 | Lair:5   | Became a worshipper of Jiyva Juqilute the Shapeless
 18971 | D:14     | Found Barosin's Magic Scroll Emporium.
 18977 | D:14     | Noticed Nessos
 18990 | D:14     | Killed Nessos
 19018 | D:14     | Bought a scroll of fog for 60 gold pieces
 19101 | D:14     | Noticed Frances
 19124 | D:14     | Noticed Roxanne
 19199 | D:14     | Reached skill level 10 in Fighting
 19199 | D:14     | Gained mutation: When hurt, damage is shared between your
                  | health and your magic reserves. [demonic ancestry]
 19199 | D:14     | Reached XP level 15. HP: 112/115 MP: 16/16
 19214 | D:14     | Killed Frances
 19474 | D:14     | Found a gate to the Vaults.
 19786 | D:15     | Entered Level 15 of the Dungeon
 19804 | D:15     | Reached * piety under Jiyva
 19934 | D:15     | Found a sacrificial altar of Ru.
 20125 | D:15     | Reached skill level 11 in Fighting
 20211 | D:15     | Found a staircase to the Depths.
 20413 | D:15     | Reached ** piety under Jiyva
 20697 | D:14     | Learned a level 6 spell: Summon Cactus Giant
 20837 | Spider:1 | Entered Level 1 of the Spider Nest
 21477 | Spider:1 | Reached *** piety under Jiyva
 21579 | Spider:1 | Gained mutation: You are covered in slimy tendrils that may
                  | disarm your opponents. [Jiyva's grace]
 21579 | Spider:1 | Gained mutation: You have a small jelly attached to you
                  | that senses nearby items. [Jiyva's grace]
 21579 | Spider:1 | Gained mutation: Your melee attacks may engulf your foes in
                  | ooze. [Jiyva's grace]
 21579 | Spider:1 | Gained mutation: You passively map a small area around you.
                  | [Jiyva's grace]
 22369 | Spider:2 | You fall into a shaft and drop 1 floor!
 22457 | Spider:2 | Reached **** piety under Jiyva
 22550 | Spider:2 | Noticed Asterion
 22565 | Spider:2 | Killed Asterion
 22744 | Spider:2 | Noticed an emperor scorpion
 22754 | Spider:2 | Killed an emperor scorpion
 22764 | Spider:2 | You fall into a shaft and drop 1 floor!
 23018 | Spider:2 | Reached skill level 12 in Fighting
 23018 | Spider:2 | Reached XP level 16. HP: 126/127 MP: 17/17
 23269 | Spider:3 | Reached skill level 10 in Dodging
 23300 | Spider:3 | Reached skill level 10 in Armour
 23396 | Spider:3 | Found a runed translucent door.
 23396 | Spider:3 | Found a shimmering altar of Xom.
 23396 | Spider:3 | Noticed rbyellow5's ghost (adept OnWr)
 23424 | Spider:3 | Identified the +11 war axe "Qony" {chaos, Will++ Int+3}
 23592 | Spider:3 | Was forgiven by Ignis
 23767 | Spider:3 | Lost mutation: You passively map a small area around you.
                  | [Jiyva's grace]
 23767 | Spider:3 | Gained mutation: Your flesh is cold resistant. (rC+)
                  | [Jiyva's grace]
 23767 | Spider:3 | Gained mutation: Your flesh is very cold resistant. (rC++)
                  | [Jiyva's grace]
 23767 | Spider:3 | Gained mutation: Your flesh is almost immune to the effects
                  | of cold. (rC+++) [Jiyva's grace]
 23767 | Spider:3 | Gained mutation: You have sharp toenails. [Jiyva's grace]
 23832 | Spider:3 | Reached ***** piety under Jiyva
 24420 | Spider:4 | Entered Level 4 of the Spider Nest
 24714 | Spider:4 | Reached skill level 13 in Fighting
 25268 | Spider:4 | Got a gossamer rune of Zot
 26206 | D:7      | Bought the Textbook on Generation and Earth for 520 gold
                  | pieces
 26360 | Swamp:1  | Entered Level 1 of the Swamp
 26381 | Swamp:1  | Reached skill level 14 in Fighting
 26728 | Swamp:1  | Lost mutation: You have a small jelly attached to you that
                  | senses nearby items. [Jiyva's grace]
 26728 | Swamp:1  | Lost mutation: Your melee attacks may engulf your foes in
                  | ooze. [Jiyva's grace]
 26728 | Swamp:1  | Lost mutation: You have sharp toenails. [Jiyva's grace]
 26728 | Swamp:1  | Gained mutation: You have large cloven feet. [Jiyva's
                  | grace]
 26728 | Swamp:1  | Gained mutation: You have hoof-like feet. [Jiyva's grace]
 26728 | Swamp:1  | Gained mutation: You have hooves in place of feet. [Jiyva's
                  | grace]
 26728 | Swamp:1  | Gained mutation: Your body has grown eyes which may confuse
                  | attackers. (Acc +3) [Jiyva's grace]
 27293 | Swamp:2  | Noticed a thorn hunter
 27306 | Swamp:2  | Killed a thorn hunter
 27638 | Swamp:2  | Gained mutation: Your hexes are more powerful. [demonic
                  | ancestry]
 27638 | Swamp:2  | Reached XP level 17. HP: 119/140 MP: 9/18
 27857 | Swamp:3  | Reached ****** piety under Jiyva
 28054 | Slime:1  | Entered Level 1 of the Pits of Slime
 28059 | Slime:1  | Noticed an acid blob
 28080 | Slime:2  | Noticed an acid blob
 28147 | Slime:2  | Noticed an acid blob
 28160 | Slime:3  | Noticed an acid blob
 28172 | Slime:5  | Entered Level 5 of the Pits of Slime
 28211 | Slime:5  | Found a viscous altar of Jiyva.
 28212 | Slime:5  | Noticed the Royal Jelly
 28218 | Slime:5  | Identified the ring "Viwoerchi" {rPois Str+8 SInv}
 28223 | Slime:5  | Identified the +0 plate armour "Vitul" {Rampage *Slow rN+
                  | Will+}
 28224 | Slime:5  | Identified the +4 spear of Eluam {flame, Str+3 Int+2}
 28237 | Slime:5  | Got the Atlas of Doom
 28262 | Slime:5  | Noticed an acid blob
 28522 | Slime:5  | Found the +0 pair of gloves of the gadgeteer {Gadgeteer
                  | Wandboost ^Fragile}
 28528 | Slime:5  | Got a starry gem with 128 turns to spare
 28549 | Slime:5  | Got a slimy rune of Zot
 28559 | Slime:5  | Found the +5 moon troll leather armour {Spirit, Regen++
                  | MP+5}
 28564 | Slime:5  | Identified the +11 hand axe of the Endless Expanse {venom,
                  | Str+4}
 28600 | Slime:5  | Noticed an acid blob
 28634 | Slime:5  | Noticed an acid blob
 28637 | Slime:5  | Noticed an acid blob
 28797 | Slime:5  | Noticed an acid blob
 28969 | Slime:1  | Noticed an acid blob
 29102 | Swamp:3  | Noticed Bai Suzhen
 29147 | Swamp:3  | Killed Bai Suzhen
 29533 | Swamp:4  | Entered Level 4 of the Swamp
 29534 | Swamp:4  | Found the +7 hand cannon "Mule" {flame, backblast, rF+}
 29545 | Swamp:4  | Reached skill level 15 in Fighting
 29655 | Swamp:4  | Lost mutation: Your flesh is almost immune to the effects
                  | of cold. (rC+++) [Jiyva's grace]
 29655 | Swamp:4  | Lost mutation: You are covered in slimy tendrils that may
                  | disarm your opponents. [Jiyva's grace]
 29655 | Swamp:4  | Gained mutation: Your system is resistant to poisons.
                  | (rPois) [Jiyva's grace]
 29655 | Swamp:4  | Gained mutation: Your movements are less encumbered by
                  | armour. (ER -4) [Jiyva's grace]
 29655 | Swamp:4  | Gained mutation: Your movements are significantly less
                  | encumbered by armour. (ER -6) [Jiyva's grace]
 29655 | Swamp:4  | Gained mutation: You have a pair of small horns on your
                  | head. [Jiyva's grace]
 29659 | Swamp:4  | Noticed a tentacled monstrosity
 29671 | Swamp:4  | Killed a tentacled monstrosity
 29691 | Swamp:4  | Found a transporter.
 29948 | Swamp:4  | Reached skill level 1 in Shields
 30069 | Swamp:4  | Found a transporter.
 30075 | Swamp:4  | Noticed Naistiu's ghost (adept DESu)
 30360 | Swamp:4  | Got a decaying rune of Zot
 30363 | Swamp:4  | Reached skill level 5 in Shields
 30741 | Elf:1    | Entered Level 1 of the Elven Halls
 31207 | Elf:1    | Found a radiant altar of Vehumet.
 31337 | Elf:1    | HP: 3/142 [burnt (11)]
 31337 | Elf:1    | Shot with an arrow by a deep elf archer

Illustrated notes

Levels and vault maps discovered:
D:1:      minmay_arrival_nine_rooms, layout_basic, minmay_misc_feat_diagonals,
          chequers_avenue, minmay_strange_pillars
D:2:      layout_rooms, hellmonk_ecumenical_altar_run_dry, basic_altar,
          minivault_26
D:3:      layout_rooms, nicolae_overflow_hidden_temple, old_standard_altar,
          skrybe_limestone_x, uniq_terence, uniq_pargi
D:4:      layout_basic, amcnicky_altar_gilded, fedhas_altar_fruit_tree,
          nicolae_yredelemnul_corpse_copse, serial_shops, shop,
          nicolae_square_shop, nicolae_shop_getting_attention,
          nicolae_shop_bloodbath_and_beyond, moated_statue
D:5:      layout_loops_ring, chei_slow_surprise, nemelex_dance_club_becter,
          ashenzari_altar_1, minmay_temple_entry_large_hall, serial_shops, shop
D:6:      layout_rooms, kennysheep_doodads, uniq_crazy_yiuf_cottage
D:7:      kennysheep_windowed_halls, layout_rooms,
          nicolae_sif_muna_little_library, mainiacjoe_overflow_alcove_4,
          serial_shops, nicolae_shop_peninsula, minmay_fire_ice_demons,
          uniq_maurice, uniq_maggie
D:8:      layout_loops_ring, uniq_prince_ribbit1
D:9:      layout_long_grid, nicolae_tso_carved_into_rock, orc_david_3,
          ebering_ghost_rock_garden, serial_shops, nicolae_shop_rolling_square,
          minmay_misc_feat_nine_boxes, uniq_pikel, uniq_grum
D:10:     layout_basic, nicolae_elyvilon_temple_path, david_lair_generic,
          kennysheep_nub, nicolae_shop_gadgets, uniq_erolcha
D:11:     layout_loops_corners, nicolae_trove_entry_free_sample,
          roderic_lattice_a
D:12:     minmay_chambers_of_sevens, layout_cave_pods, lightli_corner_chamber
D:13:     layout_basic
D:14:     layout_loops_ring, david_vaults_1, roderic_cross_of_infinity,
          serial_shops, shop, minmay_more_statues, uniq_nessos, uniq_roxanne,
          uniq_frances
D:15:     grunt_enter_depths_snipers, layout_basic,
          nicolae_ru_sacrificial_ziggurat
Lair:1:   layout_cave_pods
Lair:2:   gammafunk_indiana_jones, layout_chaotic_city,
          nicolae_spider_entry_lesser_pyramids, serial_bayou_shore_b
Lair:3:   layout_chaotic_city, skrybe_swamp_entry_bodies, grunt_megastairs_4,
          uniq_amaemon, uniq_kirke
Lair:4:   layout_loops_ring, minivault_26
Lair:5:   guppyfry_lair_end_dragon, layout_loops_ring, dpeg_slime_entry_corner,
          gammafunk_ghost_hive
Swamp:1:  layout_basic_swamp, nicolae_swamp_some_circles
Swamp:2:  nicolae_swamp_ascending_descending, layout_falls_marsh,
          nicolae_swamp_treefoil, nicolae_swamp_tree_isthmus,
          infiniplex_staircase_pool_2
Swamp:3:  layout_basic_swamp, evilmike_swamp_ruin_house_4, st_swamp_mini,
          uniq_bai_suzhen
Swamp:4:  swamp_vile, layout_basic_swamp, gammafunk_ghost_berserking_beasts,
          swamp_pool_1_2
Spider:1: layout_chambers, drop_trap, nicolae_spider_nook
Spider:2: layout_spider_delve, uniq_asterion
Spider:3: layout_cave_pods, ebering_ghost_xom, drop_trap,
          hellmonk_spider_spawner, hangedman_spider_tarantella_strand
Spider:4: grunt_spider_rune_circles
Slime:1:  layout_caves
Slime:2:  layout_caves
Slime:3:  layout_caves
Slime:4:  layout_caves, nicolae_slime_phagocytosis
Slime:5:  slime_pit_nicolae_block_by_block
Orc:1:    gammafunk_beogh_shrine, layout_diamond_mine, serial_shops, shop,
          nicolae_shop_pleasant_corner_grove,
          nicolae_shop_temple_entry_statues_fountains, shop,
          nicolae_square_shop, uniq_josephine
Orc:2:    st_orc_rangers, layout_diamond_mine
Elf:1:    eino_elf_arrival_altar, layout_geoelf_diagonals, serial_shops,
          nicolae_shop_waterfront, minmay_elf_annihilation, solitary_fountain,
          uniq_louise, uniq_jorgrun

Skill      XL: |  1  2  3  4  5  6  7  8  9 10 11 12 13 14 15 16 17 |
---------------+----------------------------------------------------+-----
Fighting       | 4 5 7 8 10 12 14 15 | 15.0
Armour         | 3 6 8 9 11 12 | 12.0
Dodging        | 3 6 8 9 11 12 | 12.0
Hexes          | 2 6 9 |  9.0
Summonings     | 2 6 10 11 13 | 13.0
Long Blades    | 9 13 14 | 14.0
Translocations | 6 |  6.0
Shields        | 7 |  7.1
Maces & Flails | |  2.6
Spellcasting   | |  1.0
Fire Magic     | |  2.6

Action                     |  1- 3 |  4- 6 |  7- 9 | 10-12 | 13-15 | 16-18 || total
---------------------------+-------+-------+-------+-------+-------+-------++-------
  Melee: Mace              |   107 |    26 |       |       |       |       ||   133
         Quarterstaff      |       |    75 |   239 |       |       |       ||   314
         Long sword        |       |       |    90 |   533 |   983 |   429 ||  2035
         Touch             |       |       |       |    73 |   173 |   127 ||   373
         Whip              |       |       |       |       |     6 |       ||     6
         Kick              |       |       |       |       |       |   120 ||   120
         Demon blade       |       |       |       |       |       |   245 ||   245
         Headbutt          |       |       |       |       |       |    49 ||    49
  Throw: Stone             |     1 |       |       |       |       |       ||     1
   Cast: Summon Mana Viper |       |       |       |    12 |    89 |    35 ||   136
         Summon Forest     |       |       |       |       |    15 |    24 ||    39
         Summon Cactus Gia |       |       |       |       |     3 |    29 ||    32
 Invoke: Fiery Armour      |     3 |     1 |     2 |     2 |       |       ||     8
  Evoke: Wand              |       |       |     3 |     2 |       |     3 ||     8
         Phial of floods   |       |       |       |       |       |     1 ||     1
         Box of beasts     |       |       |       |       |       |     2 ||     2
    Use: Scroll            |       |     8 |     8 |     7 |    18 |     7 ||    48
         Potion            |       |       |       |       |     5 |    12 ||    17
   Stab: Petrified         |       |       |       |     2 |       |       ||     2
         Distracted        |       |       |       |       |    14 |     8 ||    22
         Confused          |       |       |       |       |       |     1 ||     1
         Sleeping          |       |       |       |       |       |     1 ||     1
 Armour: Chain mail        |    95 |       |       |       |       |       ||    95
         Robe              |     2 |       |       |       |       |       ||     2
         Ring mail         |    20 |    58 |   271 |   157 |   803 |   571 ||  1880
         Acid dragon scale |       |       |    37 |   172 |       |       ||   209
         Troll leather arm |       |       |       |       |       |   185 ||   185
  Dodge: Dodged            |    62 |    65 |   477 |   615 |  1123 |   676 ||  3018
  Block: Other             |     3 |    21 |    86 |   126 |   181 |   118 ||   535
         Kite shield       |       |       |       |       |       |     3 ||     3

Table legend: (Time is in decaauts)
 A = Elapsed time spent in this place.
 B = Non-inter-level travel time spent in this place.
 C = Inter-level travel time spent in this place.
 D = Time resting spent in this place.
 E = Time spent auto-exploring this place.
 F = Levels seen in this place.
 G = Mean time per level.
                   A        B        C        D        E       F      G
               +--------+--------+--------+--------+--------+-----+--------+
         Total |  31771 |  28044 |   3727 |   2675 |  17898 |  36 |  882.5 |
       Dungeon |  13918 |  12526 |   1392 |   1358 |   7810 |  15 |  927.9 |
          Lair |   6109 |   4713 |   1396 |    349 |   3140 |   5 | 1221.8 |
         Swamp |   3388 |   3031 |    357 |    167 |   1981 |   4 |  847.0 |
   Spider Nest |   5100 |   4817 |    283 |    497 |   3055 |   4 | 1275.0 |
    Slime Pits |    921 |    804 |    117 |      0 |    712 |   5 |  184.2 |
  Orcish Mines |   2196 |   2020 |    176 |    302 |   1194 |   2 | 1098.0 |
   Elven Halls |    135 |    131 |      4 |      2 |      4 |   1 |  135.0 |
               +--------+--------+--------+--------+--------+-----+--------+

Top non-repeatable levels by time:
     D:7: 1615 daAuts
Spider:4: 1455 daAuts
  Lair:5: 1452 daAuts
Spider:1: 1434 daAuts
  Lair:1: 1406 daAuts
Spider:3: 1364 daAuts
     D:9: 1268 daAuts
    D:11: 1266 daAuts
   Orc:1: 1175 daAuts
  Lair:3: 1162 daAuts
  Lair:2: 1145 daAuts
     D:5: 1099 daAuts
 Swamp:4: 1067 daAuts
   Orc:2: 1021 daAuts
     D:1: 1018 daAuts
